 Dungeon Crawl Stone Soup version 0.24-a0-581-gc0fa6600bf (webtiles) character file.

Game seed: 17327685493840275048

96 Mithandil the Conjurer (level 4, 0/35 HPs)
             Began as a Draconian Conjurer on Aug 24, 2019.
             Killed from afar by an orc wizard (4 damage)
             ... with a puff of frost
             ... on level 3 of the Dungeon.
             The game lasted 00:11:27 (1986 turns).

Mithandil the Conjurer (Draconian Conjurer)         Turns: 1986, Time: 00:11:29

Health: 0/35       AC:  6    Str: 11    XL:     4   Next: 41%
Magic:  3/8        EV: 12    Int: 16    God:
Gold:   88         SH:  0    Dex: 11    Spells: 5/8 levels left

rFire    . . .     SeeInvis .   d - +2 short sword (protect)
rCold    . . .     Gourm    .   (no shield)
rNeg     . . .     Faith    .   (armour unavailable)
rPois    .         Spirit   .   h - +1 hat
rElec    .         Reflect  .   (no cloak)
rCorr    .         Harm     .   (no gloves)
MR       .....                  (no boots)
Stlth    ++........             (no amulet)
HPRegen  0.11/turn              (no ring)
MPRegen  0.11/turn              (no ring)

@: slowed, very slow
A: unfitting armour, cold-blooded, AC +5
a: no special abilities


You were on level 3 of the Dungeon.
You were very hungry.

You visited 1 branch of the dungeon, and saw 3 of its levels.

You collected 88 gold pieces.

Inventory:

Hand Weapons
 b - a +0 spear
 d - a +2 short sword of protection (weapon)
Missiles
 e - 35 stones (quivered)
 g - 11 bolts
Armour
 h - a +1 hat (worn)
Wands
 f - a wand of polymorph (7)
Scrolls
 i - a scroll of identify
 j - 3 scrolls of amnesia {unknown}
Comestibles
 a - 3 chunks of flesh
 c - 6 rations


   Skills:
 + Level 1.3 Fighting
 + Level 2.2 Dodging
 + Level 2.4 Stealth
 * Level 2.9 Spellcasting
 * Level 4.5 Conjurations


You had 5 spell levels left.
You knew the following spells:

 Your Spells              Type           Power        Failure   Level  Hunger
a - Magic Dart            Conj           ###.         3%          1    #......
b - Searing Ray           Conj           ###...       4%          2    ##.....

Your spell library contained the following spells:

 Spells                   Type           Power        Failure   Level  Hunger
 Dazzling Spray           Conj/Hex       #.....       22%         3    ###....
 Iskenderun's Mystic Bla  Conj           ###.....     28%         4    #####..
 Force Lance              Conj/Tloc      #.......     58%         4    #####..
 Fulminant Prism          Conj/Hex       #.........   58%         4    #####..


Dungeon Overview and Level Annotations

Branches:
Dungeon (3/15)

Altars:


Innate Abilities, Weirdness & Mutations

Your plain brown scales are hard. (AC +5)
You cannot fit into any form of body armour.
You are cold-blooded and may be slowed by cold attacks.


Message History

The searing ray hits the orc wizard.
The orc wizard is heavily wounded. (Press . to maintain the ray.)
The bat barely misses you. The bat hits you but does no damage. x2
The orc wizard gestures wildly while chanting.
The orc wizard blinks!
The searing ray hits the bat.
You kill the bat!
The hobgoblin hits you but does no damage.
The searing ray hits the hobgoblin.
You kill the hobgoblin!
The orc wizard mumbles some strange words.
The orc wizard blinks!
The searing ray hits something.
The searing ray hits the orc!
You kill the orc!
You finish channeling your searing ray.
You hear some strange, mumbled words.
A puff of frost appears from out of thin air!
The puff of frost hits you.
You die...

###########
#.........#
####.#######.#
#..........#@#
#....#####.#)#
#......÷...K{########
##....#.....o†§#..)..#
#.....#........#.....#
#.....####...........#
#.....# #....#......#
#.....####..#...#.)..#
#.............#......#


You could see an orc and a kobold.

Vanquished Creatures
  An orc wizard (D:3)
  An adder (D:3)
  An ooze (D:2)
  2 worms (D:2)
  2 dart slugs
  2 orcs (D:3)
  5 bats
  3 giant cockroaches
  6 goblins
  5 hobgoblins
  3 kobolds
  3 quokkas
  8 frilled lizards
  4 rats
46 creatures vanquished.

Vanquished Creatures (others)
  4 toadstools (D:1)
4 creatures vanquished.

Grand Total: 50 creatures vanquished

Notes
Turn   | Place    | Note
-------+----------+-------------------------------------------
     0 | D:1      | Mithandil the Draconian Conjurer began the quest for the
                  | Orb.
     0 | D:1      | Reached XP level 1. HP: 14/14 MP: 3/3
   262 | D:1      | Reached XP level 2. HP: 22/22 MP: 1/5
   266 | D:1      | Learned a level 2 spell: Searing Ray
   944 | D:2      | Reached XP level 3. HP: 17/27 MP: 1/6
  1465 | D:2      | Reached skill level 1 in Fighting
  1934 | D:3      | Reached XP level 4. HP: 33/35 MP: 8/8
  1986 | D:3      | Killed from afar by an orc wizard

Levels and vault maps discovered:
D:1:      ldierk_walled_garden_2, layout_loops_ring
D:2:      layout_loops_cross
D:3:      layout_basic, hex_tiny, chequers_serial_rivers_room_a

Skill      XL: |  1  2  3 |
---------------+----------+-----
Dodging        | 2 |  2.2
Stealth        | 2 |  2.4
Fighting       | 1 |  1.3
Spellcasting   | |  2.9
Conjurations   | |  4.5

Action                   |  1- 3 |  4- 6 || total
-------------------------+-------+-------++-------
Melee: Club              |    17 |       ||    17
       Unarmed           |     2 |       ||     2
       Short sword       |    51 |    11 ||    62
       Tailslap          |     4 |     1 ||     5
 Cast: Magic Dart        |    56 |       ||    56
       Searing Ray       |     2 |     1 ||     3
  Use: Scroll            |     9 |       ||     9
       Potion            |     4 |       ||     4
 Stab: Sleeping          |     1 |       ||     1
  Eat: Chunk             |     3 |       ||     3
Armor: Skin              |    24 |    22 ||    46
Dodge: Dodged            |    50 |    27 ||    77

Table legend:
 A = Non-vault XP
 B = Vault XP
 C = Vault XP percentage of total XP
 D = Non-vault monster count
 E = Vault monster count
 F = Vault count percentage of total count
                 A         B        C        D         E       F
            +---------+---------+-------+---------+---------+-------
      Total |     138 |       0 |   0.0 |      46 |       0 |   0.0
            +---------+---------+-------+---------+---------+-------
        D:1 |      20 |       0 |   0.0 |      11 |       0 |   0.0
        D:2 |      54 |       0 |   0.0 |      25 |       0 |   0.0
        D:3 |      64 |       0 |   0.0 |      10 |       0 |   0.0
            +---------+---------+-------+---------+---------+-------
